 Dungeon Crawl Stone Soup version 0.32-a0-814-g0968bab981 (webtiles) character file.

Game seed: 4539243961532061107

677 dialectric the Trooper (level 7, -1/56 HPs)
             Began as a Demonspawn Fighter on Mar 22, 2024.
             Succumbed to an orc wizard's poison
             ... on level 5 of the Dungeon.
             The game lasted 00:04:14 (2867 turns).

dialectric the Trooper (Demonspawn Fighter)         Turns: 2867, Time: 00:04:14

Health: -1/56      AC:  9    Str: 18    XL:     7   Next: 33%
Magic:  7/7        EV:  8    Int:  8    God:
Gold:   318        SH: 10    Dex: 13    Spells: 6/6 levels left

rFire   . . .        a - +0 trident
rCold   . . .        c - +0 buckler
rNeg    . . .        b - +0 scale mail
rPois   .            (no helmet)
rElec   .            x - +0 cloak
rCorr   .            d - +0 pair of gloves
SInv    .            (no boots)
Will    .....        s - amulet of reflection Stlth
                     (no ring)
HPRegen 0.29/turn    (no ring)
MPRegen 0.10/turn

%: reflection
@: lethally poisoned (-1 -> -11)
A: demonic guardian 1, demonic touch 1
a: no special abilities


You were on level 5 of the Dungeon.
You visited 1 branch of the dungeon, and saw 5 of its levels.

You collected 318 gold pieces.

Inventory:

Hand Weapons
 a - a +0 trident (weapon)
 l - a +2 short sword of speed
Armour
 b - a +0 scale mail (worn)
 c - a +0 buckler (worn)
 d - a +0 pair of gloves (worn)
 p - +0 ice dragon scales
 x - a +0 cloak (worn)
Jewellery
 e - a ring of magical power
 s - an amulet of reflection (around neck)
Wands
 m - a wand of polymorph (5)
 u - a wand of digging (3)
Scrolls
 h - 5 scrolls of teleportation {unknown}
 i - 4 scrolls of identify {unknown}
 n - 2 scrolls of poison {unknown}
 o - a scroll of fear {unknown}
 q - a scroll of summoning {unknown}
 t - a scroll of fog {unknown}
Potions
 g - 2 potions of mutation {unknown}
 j - a potion of degeneration {unknown}
 r - a potion of berserk rage {unknown}
 v - 2 potions of brilliance {unknown}
 w - a potion of haste {unknown}
 z - a potion of enlightenment {unknown}
 A - a potion of lignification {unknown}


   Skills:
 + Level 5.0 Fighting
 + Level 4.0 Polearms
 + Level 4.5 Armour
 + Level 4.5 Shields


You had 6 spell levels left.
You didn't know any spells.
Your spell library contained the following spells:

 Spells                   Type           Power      Damage    Failure   Level
 Static Discharge         Conj/Air       0%         3-3/arc   94%         2
 Inner Flame              Hex/Fire       0%         N/A       99%         3
 Airstrike                Air            0%         2d(0-16)  100%        4
 Summon Lightning Spire   Summ/Air       0%         N/A       100%        4
 Irradiate                Conj/Alch      0%         3d11      100%        5
 Ignition                 Fire           0%         3d3       100%        8


Dungeon Overview and Level Annotations

Branches:
Dungeon (5/15)             Temple (0/1) D:5

Altars:
Ashenzari
Fedhas
Kikubaaqudgha
Trog

Shops:
D:5 *

Annotations:
D:3 Sigmund


Innate Abilities, Weirdness & Mutations

A weak demonic guardian rushes to your aid.
Your touch may inflict minor irresistible damage on your foes.


Message History

You see here a +0 club.
Unknown command.
You hit the orc.
The orc is almost dead.
* * * LOW HITPOINT WARNING * * *
You feel very sick. The orc barely misses you.
The orc hits your white imp with a +0 hand axe.
You hear some strange, mumbled words.
Something tries to affect you, but you resist.
Your white imp gestures at the orc.
The puff of frost hits the orc!
The orc dies!
Unknown command.
You feel better. Something hits you but does no damage.
Unknown command.
You miss something. Something hits you but does no damage.
You closely miss something. Something hits you.
* * * LOW HITPOINT WARNING * * *
You barely miss something. Something hits you but does no damage.
You are poisoned.
Something hits you but does no damage.
You puncture something!
* * * LOW HITPOINT WARNING * * *
You feel very sick. Something hits you.
* * * LOW HITPOINT WARNING * * *
You are more poisoned.
You closely miss something.
* * * LOW HITPOINT WARNING * * *
You feel very sick.
You hear some strange, mumbled words.
A puff of flame appears from out of thin air!
You block the puff of flame... and reflect it back!
The puff of flame hits something!
Reactivating autopickup.
You feel a bit more experienced.
Your Fighting skill increases to level 5!
Your Polearms skill increases to level 4!
You die...

.#...#.#....##..♣~~~~.##5#.#,,,,*
.#._?#.#....##..~~~~~~...#.#,,,**
.#...#.#....##..P~~~~♣.###.#,,**∩
.......#....##..P~≈.~..###5#,,,**
.#####.#....##.............#,,,,*
..........####.......#######,,*,,
.####....)####..............,,*,,
.# ######..............####,**,,
.# #.)....@5......#***,,,,* .#
#......)).........****** .#
*###..............###* .#
#...........>.....# .#
#.................# ,*
#.......<.........#
+*****#.................#*
,,,,+....................***
,,*,*..#.................,,*


You could see a friendly white imp (summoned).

Vanquished Creatures
  A black bear (D:5)
  A centaur (D:5)
  A bombardier beetle (D:5)
  A quasit (D:5)
  An orc priest (D:3)
  An orc wizard (D:5)
  3 gnolls (D:2)
  3 adders
  2 shadow imps (D:5)
  2 white imps (D:5)
  An ufetubus (D:5)
  3 dart slugs
  7 orcs
  10 ball pythons
  4 bats
  2 bat zombies (D:3)
  3 endoplasms
  2 giant cockroaches
  10 goblins
  7 hobgoblins
  10 kobolds
  2 quokkas
  2 frilled lizards
  2 frilled lizard zombies (D:3)
  7 rats
88 creatures vanquished.

Vanquished Creatures (collateral kills)
  A black bear (D:5)
  A bombardier beetle (D:4)
  2 hounds
  An ufetubus (D:5)
  6 orcs (D:5)
11 creatures vanquished.

Grand Total: 99 creatures vanquished

Notes
Turn   | Place    | Note
-------+----------+-------------------------------------------
     0 | D:1      | dialectric the Demonspawn Fighter began the quest for the
                  | Orb.
     0 | D:1      | Reached XP level 1. HP: 18/18 MP: 1/1
    78 | D:1      | Gained mutation: A weak demonic guardian rushes to your
                  | aid. [demonic ancestry]
    78 | D:1      | Reached XP level 2. HP: 17/24 MP: 2/2
   314 | D:1      | Reached XP level 3. HP: 22/29 MP: 3/3
   777 | D:2      | Gained mutation: Your touch may inflict minor irresistible
                  | damage on your foes. [demonic ancestry]
   777 | D:2      | Reached XP level 4. HP: 20/36 MP: 4/4
  1207 | D:3      | Found an ancient bone altar of Kikubaaqudgha.
  1501 | D:3      | Reached XP level 5. HP: 42/42 MP: 5/5
  1651 | D:3      | Noticed Sigmund
  1963 | D:4      | Found a bloodstained altar of Trog.
  2074 | D:4      | Identified the +4 quarterstaff of Diocez {pain, rC+ Will+
                  | Int-5 SInv}
  2176 | D:4      | Reached skill level 4 in Fighting
  2334 | D:4      | Found a blossoming altar of Fedhas.
  2430 | D:5      | Entered Level 5 of the Dungeon
  2430 | D:5      | Noticed a black bear
  2450 | D:5      | Killed a black bear
  2451 | D:5      | Reached XP level 6. HP: 10/49 MP: 6/6
  2688 | D:5      | Noticed an ice beast
  2757 | D:5      | Found Quasog's General Store.
  2759 | D:5      | Found a broken altar of Ashenzari.
  2793 | D:5      | Reached XP level 7. HP: 15/55 MP: 7/7
  2834 | D:5      | HP: 1/55 [burnt (4)]
  2866 | D:5      | HP: 2/55 [poisoned by an orc wizard]
  2867 | D:5      | Reached skill level 5 in Fighting
  2867 | D:5      | Succumbed to an orc wizard's poison

Illustrated notes

Levels and vault maps discovered:
D:1:      mrwooster_arrival_statue_2, layout_rooms
D:2:      layout_rooms
D:3:      minmay_spotlight, layout_basic, lemuel_zombie_altar_kikubaaqudgha,
          mainiacjoe_overflow_catwalk, uniq_crazy_yiuf_cottage, uniq_sigmund
D:4:      layout_rooms, amcnicky_altar_gilded, mainiacjoe_overflow_boulevard,
          dreamdust_princess_corridor
D:5:      layout_basic, mainiacjoe_overflow_six_doors_small,
          mainiacjoe_overflow_cross_hatched, amethyst_overflow_temple_binary,
          minmay_temple_entry_hall, serial_demonic, serial_demonic_f,
          serial_demonic_b, serial_demonic_d, serial_demonic_f,
          gup_ossuary_entry_pyramid, minmay_door_square, nicolae_specific_store

Skill      XL: |  1  2  3  4  5  6  7 |
---------------+----------------------+-----
Polearms       | 2 3 4 |  4.0
Armour         | 3 4 |  4.5
Shields        | 3 4 |  4.5
Fighting       | 4 5 |  5.0

Action                     |  1- 3 |  4- 6 |  7- 9 || total
---------------------------+-------+-------+-------++-------
  Melee: Trident           |    94 |   206 |    35 ||   335
    Use: Potion            |     1 |     1 |     4 ||     6
         Scroll            |       |     1 |       ||     1
   Stab: Distracted        |       |     1 |     1 ||     2
 Armour: Scale mail        |   108 |   244 |    39 ||   391
  Dodge: Dodged            |    35 |   119 |     8 ||   162
  Block: Buckler           |    21 |   110 |    16 ||   147
         Reflection        |       |     1 |     1 ||     2

Table legend: (Time is in decaauts)
 A = Elapsed time spent in this place.
 B = Non-inter-level travel time spent in this place.
 C = Inter-level travel time spent in this place.
 D = Time resting spent in this place.
 E = Time spent auto-exploring this place.
 F = Levels seen in this place.
 G = Mean time per level.
                   A        B        C        D        E       F      G
               +--------+--------+--------+--------+--------+-----+--------+
         Total |   2937 |   2831 |    106 |    152 |   1848 |   5 |  587.4 |
       Dungeon |   2937 |   2831 |    106 |    152 |   1848 |   5 |  587.4 |
               +--------+--------+--------+--------+--------+-----+--------+

Top non-repeatable levels by time:
     D:3: 708 daAuts
     D:4: 688 daAuts
     D:2: 647 daAuts
     D:1: 486 daAuts
     D:5: 406 daAuts
